 Dungeon Crawl Stone Soup version 0.31-a0-166-g46f44d267d (webtiles) character file.

Game seed: 1552897020251918440

145 GabrielManson the Slasher (level 5, -5/41 HPs)
             Began as a Demonspawn Fighter on June 14, 2023.
             Slain by an ogre
             ... wielding a +0 giant spiked club
              (19 damage)
             ... on level 3 of the Dungeon.
             The game lasted 00:07:03 (2750 turns).

GabrielManson the Slasher (Demonspawn Fighter)      Turns: 2750, Time: 00:07:03

Health: -5/41      AC:  4    Str: 16    XL:     5   Next: 6%
Magic:  0/5        EV: 10    Int: 10    God:
Gold:   144        SH:  5    Dex: 14    Spells: 4/4 levels left

rFire   + . .        o - +4 dagger (speed)
rCold   . . .        c - +0 buckler
rNeg    . . .        h - +1 leather armour {rF+}
rPois   .            (helmet restricted)
rElec   .            (no cloak)
rCorr   .            (no gloves)
SInv    .            (no boots)
Will    .....        i - amulet of guardian spirit
Stlth   +            (no ring)
HPRegen 0.26/turn    (no ring)
MPRegen 0.18/turn

%: guardian spirit
@: mighty
A: horns 2, magic regeneration
a: no special abilities


You were on level 3 of the Dungeon.
You visited 1 branch of the dungeon, and saw 4 of its levels.

You collected 144 gold pieces.

Inventory:

Hand Weapons
 a - a +0 long sword
 o - a +4 dagger of speed (weapon)
Armour
 b - a +0 scale mail
 c - a +0 buckler (worn)
 h - a +1 leather armour of fire resistance (worn)
Jewellery
 i - an amulet of guardian spirit (around neck)
Wands
 m - a wand of flame (13)
Scrolls
 g - a scroll of brand weapon {unknown}
 j - a scroll of immolation {unknown}
 k - a scroll of identify {unknown}
 l - 2 scrolls of silence {unknown}
 n - a scroll of fear {unknown}
 p - a scroll of revelation {unknown}
Potions
 e - a potion of attraction {unknown}
 f - a potion of brilliance {unknown}
 q - 2 potions of degeneration {unknown}
 r - a potion of magic {unknown}


   Skills:
 - Level 3.0 Fighting
 + Level 1.3(2.8) Short Blades
 - Level 4.0(4.1) Long Blades
 - Level 3.1 Armour
 - Level 3.1 Shields


You had 4 spell levels left.
You didn't know any spells.
Your spell library contained the following spells:

 Spells                   Type           Power      Damage    Failure   Level
 Scorch                   Fire           0%         2d5       65%         2
 Call Canine Familiar     Summ           0%         N/A       87%         3
 Portal Projectile        Hex/Tloc       0%         N/A       87%         3
 Flame Wave               Conj/Fire      0%         2d4       99%         4
 Leda's Liquefaction      Hex/Erth       0%         N/A       99%         4
 Summon Cactus Giant      Summ           0%         N/A       100%        6


Dungeon Overview and Level Annotations

Branches:
Dungeon (4/15)
 Temple: D:4-7

Altars:

Annotations:
D:3 1 runed translucent door, Crazy Yiuf


Innate Abilities, Weirdness & Mutations

You have a pair of horns on your head.
You regenerate magic rapidly.


Message History

You see here a +1 spear of freezing.
A goblin comes into view. It is wielding a +0 dagger.
Things that are here:
a +0 dagger; a goblin corpse A goblin opens the door.
You see here a +1 spear of freezing.
You puncture the goblin!
You kill the goblin!
No target in view!
You see here a +0 dagger.
An ogre comes into view. It is wielding a +0 giant spiked club.
The ogre shouts!
There is an open door here.
You see here a +0 dagger.
Things that are here:
a +0 dagger; a goblin corpse
There is a stone staircase leading up here.
You climb upwards.
Level annotation: 1 runed translucent door, Crazy Yiuf
There is a stone staircase leading down here.
There is an open door here.
(D) Dungeon
Where to? (Enter - D:4, ? - help)
What level of the Dungeon? (default 1, ? - help)
There is an open door here.
There is a stone staircase leading down here.
You climb downwards.
The ogre hits you with a +0 giant spiked club!
There is a stone staircase leading up here.
You climb upwards.
Level annotation: 1 runed translucent door, Crazy Yiuf
There is a stone staircase leading down here.
You feel very mighty all of a sudden.
The ogre hits you with a +0 giant spiked club!
You puncture the ogre!
The ogre is heavily wounded.
You puncture the ogre!
The ogre is almost dead.
The ogre hits you with a +0 giant spiked club!!
You die...

################# ###
#...............# #..
#.###....######.# ######..
#.# #....#
#.#########....... #.#
#....# #.................
#.# ######
#..#.............. #.#
###..#..........#### #.#
#....#..........#... #.#
#..@.'..........#... #.#
#########...O######'#####...
#.# #.......#....# #.## #...
#.# #.......#....# #..# #...
#.# #.......#....# ##.# #...
#.# #......[.....# ### ####
#.# #............# #.#
#............# ##### #.#
#............# #)..# #####


You could see an ogre.

Vanquished Creatures
  An iguana (D:2)
  6 adders
  2 worms (D:2)
  2 dart slugs (D:2)
  7 endoplasms
  3 giant cockroaches
  4 hobgoblins
  4 quokkas
  6 ball pythons
  5 bats
  4 frilled lizards
  7 goblins
  3 kobolds
  4 rats
58 creatures vanquished.

Notes
Turn   | Place    | Note
-------+----------+-------------------------------------------
     0 | D:1      | GabrielManson the Demonspawn Fighter began the quest for
                  | the Orb.
     0 | D:1      | Reached XP level 1. HP: 18/18 MP: 1/1
   149 | D:1      | Reached skill level 2 in Long Blades
   165 | D:1      | Gained mutation: You have a pair of small horns on your
                  | head. [demonic ancestry]
   165 | D:1      | Reached XP level 2. HP: 23/24 MP: 2/2
   918 | D:2      | Gained mutation: You have a pair of horns on your head.
                  | [demonic ancestry]
   918 | D:2      | Reached XP level 3. HP: 29/29 MP: 3/3
  1129 | D:2      | Reached skill level 3 in Long Blades
  1346 | D:2      | Gained mutation: You regenerate magic rapidly. [demonic
                  | ancestry]
  1346 | D:2      | Reached XP level 4. HP: 32/35 MP: 4/4
  1900 | D:2      | Reached skill level 4 in Long Blades
  2199 | D:3      | Found a faded altar of an unknown god.
  2309 | D:3      | Reached skill level 1 in Short Blades
  2309 | D:3      | Reached XP level 5. HP: 41/41 MP: 5/5
  2361 | D:3      | Found a runed translucent door.
  2362 | D:3      | Noticed Crazy Yiuf
  2721 | D:4      | Noticed an ogre
  2750 | D:3      | Slain by an ogre

Illustrated notes

Levels and vault maps discovered:
D:1:      wander_arrival_fairy_ring, layout_basic, chequers_decorated_corner,
          minmay_cut_off
D:2:      layout_basic
D:3:      layout_basic, ebering_ecumenical_altar_webs, corexii_hall_statues_l,
          uniq_crazy_yiuf_cottage
D:4:      layout_gridville, serial_shops, nicolae_shop_rolling_square,
          uniq_natasha

Skill      XL: |  1  2  3  4 |
---------------+-------------+-----
Long Blades    | 2 3 4 |  4.0
Armour         | 3 |  3.1
Shields        | 3 |  3.1
Short Blades   | 1 |  1.3
Fighting       | |  3.0

Action                     |  1- 3 |  4- 6 || total
---------------------------+-------+-------++-------
  Melee: Long sword        |   113 |    23 ||   136
         Headbutt          |    16 |     7 ||    23
         Dagger            |       |    37 ||    37
    Use: Potion            |       |     1 ||     1
 Armour: Scale mail        |    20 |       ||    20
         Leather armour    |    16 |    16 ||    32
  Dodge: Dodged            |    50 |    28 ||    78
  Block: Buckler           |    34 |    11 ||    45

Table legend: (Time is in decaauts)
 A = Elapsed time spent in this place.
 B = Non-inter-level travel time spent in this place.
 C = Inter-level travel time spent in this place.
 D = Time resting spent in this place.
 E = Time spent auto-exploring this place.
 F = Levels seen in this place.
 G = Mean time per level.
                   A        B        C        D        E       F      G
               +--------+--------+--------+--------+--------+-----+--------+
         Total |   2779 |   2689 |     90 |    142 |   1997 |   4 |  694.8 |
       Dungeon |   2779 |   2689 |     90 |    142 |   1997 |   4 |  694.8 |
               +--------+--------+--------+--------+--------+-----+--------+

Top non-repeatable levels by time:
     D:2: 1204 daAuts
     D:1: 812 daAuts
     D:3: 721 daAuts
     D:4: 41 daAuts
